 Dungeon Crawl Stone Soup version 0.17-a0-1763-g847a857 (webtiles) character file.

229 hexophile the Chopper (level 5, -8/67 HPs)
             Began as a Centaur Berserker on Sept 5, 2015.
             Was a Priest of Trog.
             Mangled by an iguana (10 damage)
             ... on level 4 of the Dungeon.
             The game lasted 00:05:17 (4436 turns).

hexophile the Chopper (Centaur Berserker)           Turns: 4436, Time: 00:05:17

Health: -8/67      AC:  4    Str: 25    XL:     5   Next: 71%
Magic:  5/5        EV: 10    Int:  6    God:    Trog [***...]
Gold:   80         SH:  0    Dex:  9    Spells: 0 memorised, 4 levels left

rFire  . . .     SeeInvis .     a - +0 hand axe
rCold  . . .     Clarity  .     b - +0 animal skin
rNeg   . . .     SustAt   .     (no shield)
rPois  .         Gourm    .     (no helmet)
rElec  .         Spirit   .     (no cloak)
rCorr  .         Warding  .     (no gloves)
rMut   .         Stasis   .     (no barding)
MR     ++...                    (no amulet)
Stlth  ..........               (no ring)
                                s - ring of flight

@: berserking, regenerating, very quick, very resistant to hostile enchantments,
extremely unstealthy
A: hooves 3, deformed body, speed 2, tough skin 3
a: Burn Spellbooks, Berserk, Trog's Hand, Renounce Religion, Evoke Flight


You were on level 4 of the Dungeon.
You worshipped Trog.
Trog was most pleased with you.
You were hungry.

You visited 1 branch of the dungeon, and saw 4 of its levels.

You collected 80 gold pieces.

Inventory:

Hand weapons
 a - a +0 hand axe (weapon)
Missiles
 n - 36 stones (quivered)
Armour
 b - a +0 animal skin (worn)
Jewellery
 s - a ring of flight (left hand)
Scrolls
 e - a scroll of enchant armour {unknown}
 f - 3 scrolls of identify {unknown}
 h - 2 scrolls of random uselessness {unknown}
 j - 2 scrolls of fear {unknown}
 k - a scroll of teleportation {unknown}
 o - a scroll of recharging {unknown}
 q - a scroll of amnesia {unknown}
 t - a scroll of fog {unknown}
 u - a scroll of enchant weapon {unknown}
 v - a scroll of immolation {unknown}
Potions
 d - 4 potions of flight {unknown}
 g - a potion of cure mutation {unknown}
 i - a potion of degeneration {unknown}
 m - a potion of curing {unknown}
Comestibles
 c - 2 bread rations
 l - 4 meat rations
 r - a beef jerky


   Skills:
 - Level 3.0 Fighting
 + Level 4.3 Axes
 - Level 1.3 Armour
 + Level 3.5 Dodging


You had 4 spell levels left.
You didn't know any spells.

Dungeon Overview and Level Annotations

Branches:
Dungeon (4/15)
 Temple: D:4-7

Altars:
Dithmenos


Innate Abilities, Weirdness & Mutations

You have hooves in place of feet.
Armour fits poorly on your strangely shaped body.
You cover ground very quickly.
You have extremely tough skin (AC +3).


Message History

The gnoll is heavily wounded.
You hit the gnoll.
The gnoll is heavily wounded.
You hit the gnoll.
The gnoll is lightly wounded.
You barely miss the iguana.
The gnoll hits you with a flail of protection!
* * * LOW HITPOINT WARNING * * *
You barely miss the gnoll. You kick the gnoll.
You kill the gnoll!
Trog accepts your kill.
You hit the gnoll.
The gnoll is almost dead.
You hit the gnoll but do no damage.
The gnoll is lightly wounded.
You completely miss the iguana. You closely miss the adder.
The gnoll hits you with a halberd.
* * * LOW HITPOINT WARNING * * *
The iguana bites you!
You die...

## .# #####.#
#.....#
#...).####
#..g)S...#
#...@l#
#..g..#
###.....####.
#............#
#.#.....######
# #.#+#.# #<#
.# #.# .# #.#
.#


You could see an iguana, 2 gnolls and an adder.

Vanquished Creatures
  An orc priest (D:3)
  An orc wizard (D:3)
  A gnoll (D:4)
  5 adders (D:2)
  An ooze (D:1)
  6 worms
  7 orcs
  A ball python (D:3)
  4 giant cockroaches (D:3)
  8 goblins
  9 hobgoblins
  4 jackals (D:1)
  8 kobolds
  A quokka (D:3)
  13 bats
  5 giant geckos
  4 giant newts
  8 rats
87 creatures vanquished.

Notes
Turn   | Place    | Note
--------------------------------------------------------------
     0 | D:1      | hexophile the Centaur Berserker began the quest for the Orb.
     0 | D:1      | Reached XP level 1. HP: 19/19 MP: 1/1
   500 | D:1      | Reached XP level 2. HP: 12/26 MP: 2/2
   909 | D:1      | Reached XP level 3. HP: 17/31 MP: 3/3
  1116 | D:1      | Acquired Trog's second power
  1805 | D:2      | Found a shadowy altar of Dithmenos.
  2088 | D:2      | Reached XP level 4. HP: 18/38 MP: 4/4
  3633 | D:3      | Reached skill level 4 in Axes
  3633 | D:3      | Reached XP level 5. HP: 45/45 MP: 5/5
  4435 | D:4      | HP: 5/67 [gnoll/flail of protection (9)]
  4436 | D:4      | HP: 2/67 [gnoll/halberd (3)]
  4436 | D:4      | Mangled by an iguana

Vault maps used:
D:1:      dpeg_arrival_castle
D:2:      grunt_dithmenos_smoke, wad_orctagon
D:3:      first_bread, minmay_tree_intersection, minmay_misc_feat_square,
          st_stairs_8
D:4:      uniq_grinder

Action                   |  1- 3 |  4- 6 || total
-------------------------+-------+-------++-------
Melee: Hand axe          |   127 |   144 ||   271
Invok: Berserk           |     1 |     3 ||     4
       Trog's Hand       |       |     1 ||     1
  Eat: Chunk             |     2 |     6 ||     8
       Fruit             |     1 |       ||     1
       Royal jelly       |       |     1 ||     1
       Pizza             |       |     1 ||     1
